 Dungeon Crawl Stone Soup version 0.29-a0-700-g2f1814c7b2 (webtiles) character file.

Game seed: 5111750849806436432

1333 lunkers the Cleaver (level 9, -1/78 HPs)
             Began as a Meteoran Fighter on June 25, 2022.
             Was a Believer of Okawaru.
             Succumbed to a killer bee's poison
             ... on level 7 of the Dungeon.
             The game lasted 00:05:03 (1642 turns).

lunkers the Cleaver (Meteoran Fighter)              Turns: 1642, Time: 00:05:04

Health: -1/78      AC: 13    Str: 23    XL:     9   Next: 14%
Magic:  12/13      EV:  8    Int: 10    God:    Okawaru [**....]
Gold:   264        SH:  6    Dex: 13    Spells: 8/8 levels left

rFire   . . .      SeeInvis .   a - +0 war axe
rCold   + . .      Faith    .   c - +0 buckler
rNeg    . . .      Spirit   .   d - +0 plate armour
rPois   .          Reflect  .   (no helmet)
rElec   .          Harm     .   (no cloak)
rCorr   +          Rampage  .   (no gloves)
Will    +....                   (no boots)
Stlth   ..........              (no amulet)
HPRegen 0.23/turn               r - ring of resist corrosion
MPRegen 0.13/turn               t - ring of protection from cold

@: lethally poisoned (-1 -> -22), heroic, glowing
A: sense surroundings 2, otherworldly, glowing, explore regen
a: Renounce Religion, Heroism


You were on level 7 of the Dungeon.
You worshipped Okawaru.
Okawaru was pleased with you.
You visited 1 branch of the dungeon, and saw 7 of its levels.

You collected 264 gold pieces.

Inventory:

Hand Weapons
 a - a +0 war axe (weapon)
 w - the +8 quarterstaff "Umonuaff" {freeze, *Corrode rPois Int+7 Dex+2}
   (You found it on level 7 of the Dungeon)

   It freezes those it strikes, dealing additional cold damage.
   It can also slow down cold-blooded creatures.
   Int:       It affects your intelligence (+7).
   Dex:       It affects your dexterity (+2).
   rPois:     It protects you from poison.
   *Corrode:  It may corrode you when you take damage.
Armour
 b - a +0 scale mail
 c - a +0 buckler (worn)
 d - a +0 plate armour (worn)
 g - a +0 chain mail
Jewellery
 n - an amulet of magic regeneration
 r - a ring of resist corrosion (left hand)
 t - a ring of protection from cold (right hand)
Wands
 o - a wand of flame (21)
 s - a wand of polymorph (9)
Scrolls
 e - a scroll of acquirement {unknown}
 f - 8 scrolls of identify {unknown}
 i - 2 scrolls of teleportation {unknown}
 l - a scroll of fear {unknown}
 m - 2 scrolls of poison {unknown}
 u - a scroll of magic mapping {unknown}
 v - a scroll of torment {unknown}
 x - a scroll of amnesia {unknown}
Potions
 h - 2 potions of curing {unknown}
 j - a potion of haste {unknown}
 k - 2 potions of lignification {unknown}
 p - a potion of invisibility {unknown}
 q - a potion of attraction {unknown}


   Skills:
 + Level 6.9(11.9) Fighting
 * Level 9.8(14.8) Axes
 - Level 3.6(8.6) Armour
 - Level 3.6(8.6) Shields
 - Level 4.0 Invocations


You had 8 spell levels left.
You didn't know any spells.
Your spell library contained the following spells:

 Spells                   Type           Power      Damage    Failure   Level
 Shock                    Conj/Air       0%         1d3       100%        1
 Swiftness                Air            0%         N/A       100%        3
 Airstrike                Air            0%         N/A       100%        4


Dungeon Overview and Level Annotations

Branches:
Dungeon (7/15) Zot: 2512   Temple (0/1) D:7

Altars:
Okawaru

Shops:
D:1 =


Innate Abilities, Weirdness & Mutations

You passively map the area around you.
You are easily found by Zot.
You glow in the dark.
You regain HP and MP as you explore.


Message History

You are more poisoned.
The killer bee poisons you!
You miss the killer bee.
The killer bee is heavily wounded.
You feel sick. You block the killer bee's attack. The killer bee stings you.
* * * LOW HITPOINT WARNING * * *
You are more poisoned.
The killer bee poisons you!
You closely miss the killer bee.
The killer bee is heavily wounded.
You feel very sick. The killer bee completely misses you.
Unknown command.
You slice the killer bee!!
You kill the killer bee!
Okawaru accepts your kill.
You feel very sick. The killer bee stings you.
* * * LOW HITPOINT WARNING * * *
You are more poisoned.
The killer bee poisons you!
You miss the killer bee.
* * * LOW HITPOINT WARNING * * *
You feel very sick.
The killer bee stings you but does no damage.
Unknown command.
You closely miss the killer bee.
* * * LOW HITPOINT WARNING * * *
You feel very sick. You block the killer bee's attack.
The killer bee stings you but does no damage.
Unknown command.
You barely miss the killer bee.
* * * LOW HITPOINT WARNING * * *
You feel sick. The killer bee stings you.
* * * LOW HITPOINT WARNING * * *
You are more poisoned.
The killer bee poisons you!
You closely miss the killer bee.
You die...

* *, ** ,*,##.#.#.##, * *,
##.#.#.#.##,#. * * *
##.#.##..#.##.#,### , ,** *
##.#.##..#.##o# ##.## ,
,##.#.##.(#.##y# ##...#
##.#.##.#..##.#,##.#..# *
##.#.##.#..##y# ##.#.#.# ,
*#.#.##.#..##y#,##.#.##.###
#.#.##.#@#.# ##.#.###.... ,
, ##.#.##.#y#y##.#.## #.###
, , * ##)#.##.#.##.#.##
##..## ,,,,, ##.#.##
##.#.## #....# *
##.#.###.#.######.⌠8.#
##.#.#.#.## #.......#
##.#.#.## #..>.⌠8.# , ,
,##.#.######.)...... , ,
,,##.## #.......⌠8..


You could see a killer bee.

Vanquished Creatures
  Grinder (D:4)
  A sky beast (D:4)
  An ogre (D:4)
  An orc warrior (D:4)
  3 centaurs
  A phantom (D:6)
  Blork the orc (D:6)
  3 killer bees (D:7)
  A hound (D:4)
  A jelly (D:6)
  4 iguanas
  7 gnolls
  5 adders
  A white imp (D:7)
  2 ufetubi (D:6)
  A worm (D:4)
  5 dart slugs
  An orc (D:5)
  3 ball pythons
  4 bats
  7 endoplasms
  2 giant cockroaches
  7 goblins
  2 hobgoblins (D:1)
  4 jackals
  4 kobolds
  4 quokkas
  4 rats (D:1)
81 creatures vanquished.

Notes
Turn   | Place    | Note
-------+----------+-------------------------------------------
     0 | D:1      | lunkers the Meteoran Fighter began the quest for the Orb.
     0 | D:1      | Reached XP level 1. HP: 19/19 MP: 2/2
   125 | D:1      | Reached XP level 2. HP: 26/26 MP: 3/3
   137 | D:1      | Reached skill level 3 in Axes
   149 | D:1      | Found a faded altar of an unknown god.
   211 | D:1      | Reached XP level 3. HP: 31/31 MP: 4/4
   364 | D:1      | Found Finim's Jewellery Boutique.
   536 | D:2      | Found an iron altar of Okawaru.
   545 | D:2      | Reached skill level 4 in Axes
   546 | D:2      | Became a worshipper of Warmaster Okawaru
   717 | D:2      | Reached XP level 4. HP: 40/40 MP: 5/5
   929 | D:4      | Noticed Grinder
   941 | D:4      | Killed Grinder
   941 | D:4      | Reached * piety under Okawaru
   942 | D:4      | Reached skill level 6 in Axes
   942 | D:4      | Reached XP level 5. HP: 32/47 MP: 6/6
   942 | D:4      | Reached XP level 6. HP: 37/55 MP: 7/7
   955 | D:4      | Reached skill level 5 in Fighting
   977 | D:4      | Noticed a sky beast
   982 | D:4      | Killed a sky beast
   983 | D:4      | Reached skill level 1 in Invocations
   983 | D:4      | Reached XP level 7. HP: 61/61 MP: 5/8
  1003 | D:4      | Noticed a two-headed ogre
  1063 | D:4      | Reached skill level 7 in Axes
  1137 | D:4      | Reached XP level 8. HP: 43/70 MP: 7/11
  1211 | D:5      | Entered Level 5 of the Dungeon
  1240 | D:5      | Reached ** piety under Okawaru
  1241 | D:5      | Reached skill level 8 in Axes
  1385 | D:6      | Noticed Blork the orc
  1400 | D:6      | Killed Blork the orc
  1526 | D:7      | Found a staircase to the Ecumenical Temple.
  1537 | D:7      | Reached skill level 9 in Axes
  1548 | D:7      | Gained mutation: You passively map the area around you.
                  | [Meteoran growth]
  1548 | D:7      | Reached XP level 9. HP: 64/78 MP: 13/13
  1606 | D:7      | Identified the +8 quarterstaff "Umonuaff" {freeze, *Corrode
                  | rPois Int+7 Dex+2}
  1641 | D:7      | HP: 3/78 [killer bee (1)]
  1642 | D:7      | Succumbed to a killer bee's poison

Illustrated notes

Levels and vault maps discovered:
D:1:      lightli_arrival_maybe_door_vault, layout_loops_ring,
          hellmonk_ecumenical_altar_pennies_from_heaven, serial_shops,
          nicolae_diamond_shop, minivault_5
D:2:      layout_loops_corners, basic_altar, st_stairs_8, grunt_ministairs_5,
          due_unseen_surprise, uniq_crazy_yiuf_cottage
D:3:      layout_rooms, vehumet_altar_wand_db
D:4:      minmay_clustersquares, layout_cave_pools, marbit_many_paths,
          gammafunk_ghost_arena, nzn_random_ring, uniq_grinder
D:5:      layout_loops_ring, kiku_gazebo_pond_becter, lemuel_round_altar,
          nicolae_ru_awakened_eye, uniq_edmund
D:6:      nicolae_BIG_FREAKIN_CUBE, layout_rooms, uniq_blork_the_orc, uniq_pikel
D:7:      minmay_inner_zag, layout_basic, general_overflow_altar,
          minmay_temple_entry_drinking_statues, serial_shops,
          nicolae_shop_bloodbath_and_beyond

Skill      XL: |  1  2  3  4  5  6  7  8 |
---------------+-------------------------+-----
Axes           | 3 4 6 7 9 |  9.8
Fighting       | 4 5 6 |  6.9
Invocations    | 1 2 4 |  4.0
Armour         | |  3.6
Shields        | |  3.6

Action                   |  1- 3 |  4- 6 |  7- 9 || total
-------------------------+-------+-------+-------++-------
Melee: War axe           |    79 |    25 |   170 ||   274
Invok: Heroism           |       |     1 |     6 ||     7
Evoke: Wand              |       |     6 |       ||     6
  Use: Potion            |       |     1 |       ||     1
Armor: Chain mail        |    56 |    16 |    21 ||    93
       Scale mail        |     2 |       |       ||     2
       Plate armour      |       |       |    94 ||    94
Dodge: Dodged            |    27 |     4 |    39 ||    70
Block: Buckler           |    28 |     7 |    57 ||    92

Table legend: (Time is in decaauts)
 A = Elapsed time spent in this place.
 B = Non-inter-level travel time spent in this place.
 C = Inter-level travel time spent in this place.
 D = Time resting spent in this place.
 E = Time spent auto-exploring this place.
 F = Levels seen in this place.
 G = Mean time per level.
                   A        B        C        D        E       F      G
               +--------+--------+--------+--------+--------+-----+--------+
         Total |   1687 |   1539 |    148 |      0 |    775 |   7 |  241.0 |
       Dungeon |   1687 |   1539 |    148 |      0 |    775 |   7 |  241.0 |
               +--------+--------+--------+--------+--------+-----+--------+

Top non-repeatable levels by time:
     D:2: 459 daAuts
     D:1: 437 daAuts
     D:4: 290 daAuts
     D:6: 210 daAuts
     D:7: 116 daAuts
     D:5: 104 daAuts
     D:3: 67 daAuts
